 Dungeon Crawl Stone Soup version 0.31-a0-1163-gcee99d1eea (webtiles) character file.

Game seed: 17466669119543964665

165749 Firecrotchwizard the Tengu Blade (level 17, -1/116 HPs)
             Began as a Tengu Berserker on Dec 8, 2023.
             Was a High Priest of Trog.
             Slain by a merfolk impaler
             ... wielding a +2 demon trident of electrocution
              (21 damage)
             ... on level 4 of the Shoals on Dec 9, 2023.
             The game lasted 01:10:55 (26686 turns).

Firecrotchwizard the Tengu Blade (Tengu Berserker) Turns: 26686, Time: 01:10:55

Health: -1/116     AC: 17    Str: 20    XL:     17   Next: 88%
Magic:  16/16      EV: 34    Int:  9    God:    Trog [*****.]
Gold:   2452       SH:  0    Dex: 26    Spells: 16/16 levels left

rFire   + + .        Z - +9 triple sword (flame)
rCold   . . .        (shield currently unavailable)
rNeg    . . .        b - +0 acid dragon scales
rPois   .            y - +2 hat of Senik {rF++ Str+2}
rElec   .            c - +2 cloak
rCorr   +            S - +2 pair of gloves
SInv    .            (boots unavailable)
Will    +....        h - amulet of regeneration
Stlth   ++           k - +6 ring of dexterity
HPRegen 1.19/turn    L - +5 ring of evasion
MPRegen 0.15/turn

%: acrobat
@: flying
A: beak, talons 3, evasive flight, acrobatic, low MP 1
a: Renounce Religion, Berserk, Trog's Hand, Brothers in Arms


You were on level 4 of the Shoals.
You worshipped Trog.
Trog was extremely pleased with you.
You visited 4 branches of the dungeon, and saw 26 of its levels.
You also visited: Ossuary.

You collected 3145 gold pieces.
You spent 693 gold pieces at shops.

Inventory:

Hand Weapons
 O - a +7 great sword of flaming
 U - the +0 triple sword of Evyt {heavy, rPois rC+ rCorr Dex-2}
   (Trog gifted it to you on level 1 of the Lair of Beasts)

   Dex-2:     It affects your dexterity (-2).
   rC+:       It protects you from cold.
   rPois:     It protects you from poison rCorr: It protects you from acid and
   corrosion.
 Z - a +9 triple sword of flaming (weapon)
Missiles
 u - 59 poisoned darts
 G - 6 throwing nets {@!f}
Armour
 b - +0 acid dragon scales (worn)
 c - a +2 cloak (worn)
 e - a scarf of resistance
 y - the +2 hat of Senik (worn) {rF++ Str+2}
   (You acquired it on level 13 of the Dungeon)

   Str+2:     It affects your strength (+2).
   rF++:      It greatly protects you from fire.
 S - a +2 pair of gloves (worn)
Jewellery
 h - an amulet of regeneration (around neck)
 k - a +6 ring of dexterity (left hand)
 l - a ring of positive energy
 D - a ring of positive energy
 L - a +5 ring of evasion (right hand)
 N - a ring of protection from cold
 X - a ring of see invisible
Wands
 a - a wand of mindburst (9)
 d - a wand of digging (18)
 q - a wand of paralysis (32)
 s - a wand of acid (13)
 J - a wand of iceblast (17)
 P - a wand of polymorph (13)
 R - a wand of flame (54)
Scrolls
 f - 3 scrolls of fog
 g - a scroll of blinking
 i - 2 scrolls of identify
 p - 3 scrolls of fear
 t - 6 scrolls of teleportation
 w - a scroll of torment
 H - 5 scrolls of enchant armour
 K - 5 scrolls of immolation
 M - a scroll of poison
 Q - a scroll of summoning
 V - a scroll of revelation
Potions
 j - a potion of ambrosia
 m - a potion of heal wounds
 n - 2 potions of berserk rage
 o - 5 potions of haste
 r - 8 potions of curing
 v - 4 potions of invisibility
 x - 4 potions of lignification
 z - 4 potions of might
 A - 5 potions of brilliance
 B - 3 potions of cancellation
 E - 3 potions of resistance
 T - 4 potions of magic
 W - 7 potions of attraction
Miscellaneous
 C - a lightning rod (4/4)
 F - a phial of floods
 Y - a tin of tremorstones (inert)


   Skills:
 + Level 16.6 Fighting
 - Level 23.1 Long Blades
 + Level 10.8 Armour
 + Level 14.7 Dodging
 - Level 5.6 Evocations


You had 16 spell levels left.
You didn't know any spells.
Your spell library was empty.

Dungeon Overview and Level Annotations

Branches:
Dungeon (15/15)            Temple (0/1) D:5            Lair (5/5) D:11
 Shoals (4/4) Lair:2       Spider (0/4) Lair:3        Slime (0/5) Lair:4
    Orc (2/2) D:10            Elf (0/3) Orc:2        Vaults (0/5) D:13
 Depths (0/4) D:15        Ossuary (visited)

Altars:
Dithmenos
Elyvilon
Fedhas
Gozag
Makhleb
Nemelex Xobeh
Okawaru
Qazlal
Ru
Sif Muna
Uskayaw
Vehumet
Xom
Zin
The Shining One
Jiyva
Lugonu

Shops:
Orc:1 (   Orc:2 [(![

Portals:
Abyss: Lair:5

Annotations:
D:3 exclusion: 2 goblins
D:7 4 runed translucent doors, Crazy Yiuf; IdlyInterested's ghost, novice DsGl
D:10 2 transporters
D:15 1 runed translucent door, xnavy's ghost, journeyman DEAE
Lair:4 exclusion: hydra
Shoals:2 1 runed translucent door, Hiprater's ghost, adept MiBe


Innate Abilities, Weirdness & Mutations

You have a beak for a mouth.
You have claws for feet.
Your magical flight helps you evade attacks. (EV +4)
You can magically evade attacks while moving or waiting.
Your magical capacity is low. (-10% MP)


Message History

The alligator snapping turtle closely misses you.
The merfolk javelineer throws a javelin.
The javelin completely misses you.
The merfolk impaler completely misses you.
The merfolk javelineer completely misses you.
A water elemental comes into view.
The alligator snapping turtle completely misses you.
The merfolk impaler closely misses you.
The merfolk javelineer throws a javelin.
The javelin pierces through you!
There is an open door, spattered with blood here.
You see here a wind drake corpse.
You completely miss the merfolk javelineer.
The merfolk javelineer is heavily wounded.
The merfolk javelineer misses you.
The merfolk impaler hits you but does no damage.
You completely miss the merfolk javelineer.
You peck the merfolk javelineer, but do no damage.
The merfolk javelineer is heavily wounded.
The merfolk javelineer throws a javelin.
The javelin pierces through you!
The alligator snapping turtle bites you.
The merfolk impaler completely misses you.
The merfolk javelineer closely misses you.
You cut the merfolk javelineer into ribbons!!!
You burn the merfolk javelineer!!
You kill the merfolk javelineer!
Trog accepts your kill.
You hear a splash. x3
The merfolk impaler misses you.
You slice the alligator snapping turtle!!
You burn the alligator snapping turtle!
Your kick misses the alligator snapping turtle.
You peck the alligator snapping turtle, but do no damage.
The alligator snapping turtle is moderately wounded.
The merfolk impaler completely misses you.
The alligator snapping turtle barely misses you.
The merfolk javelineer completely misses you.
The merfolk impaler completely misses you.
You slice the alligator snapping turtle!!
You burn the alligator snapping turtle. You claw the alligator snapping turtle.
You peck the alligator snapping turtle, but do no damage.
The alligator snapping turtle is heavily wounded.
The merfolk javelineer completely misses you.
The merfolk impaler hits you from afar with a +2 demon trident of electrocution!
The alligator snapping turtle bites you but does no damage.
You slash the alligator snapping turtle!
You burn the alligator snapping turtle. You claw the alligator snapping turtle!
The alligator snapping turtle is heavily wounded.
The water elemental barely misses you.
The merfolk impaler completely misses you.
A merfolk comes into view. It is wielding a +0 trident.
You hit the alligator snapping turtle. You burn the alligator snapping turtle.
You claw the alligator snapping turtle. You peck the alligator snapping turtle.
The alligator snapping turtle is severely wounded.
The merfolk javelineer hits you from afar with a +0 spear.
* * * LOW HITPOINT WARNING * * *
The merfolk impaler hits you from afar with a +2 demon trident of electrocution!
* * * LOW HITPOINT WARNING * * *
The merfolk misses you.
The alligator snapping turtle misses you.
The water elemental misses you.
You chop the water elemental into pieces!!!
You burn the water elemental.
You claw the water elemental, but do no damage.
Your peck misses the water elemental.
The water elemental is almost destroyed.
The merfolk impaler hits you from afar with a +2 demon trident of electrocution!
* * * LOW HITPOINT WARNING * * *
The merfolk javelineer closely misses you.
You barely miss the water elemental. You claw the water elemental.
The water elemental is almost destroyed.
The merfolk impaler misses you. The merfolk closely misses you.
The water elemental hits you!
* * * LOW HITPOINT WARNING * * *
The water elemental engulfs you in water!
The alligator snapping turtle completely misses you.
You slice the water elemental!! You burn the water elemental.
You destroy the water elemental!
Trog accepts your kill. The water engulfing you falls away.
You gasp with relief as air once again reaches your lungs.
The merfolk javelineer completely misses you.
The merfolk impaler misses you. The merfolk completely misses you.
The merfolk impaler barely misses you.
You slice the alligator snapping turtle!!
You burn the alligator snapping turtle.
You peck the alligator snapping turtle, but do no damage.
The alligator snapping turtle is severely wounded.
The merfolk javelineer hits you but does no damage.
The alligator snapping turtle completely misses you.
The merfolk impaler barely misses you.
Unknown command.
You slice the alligator snapping turtle!!
You burn the alligator snapping turtle!
You kill the alligator snapping turtle!
Trog accepts your kill. The merfolk misses you.
The merfolk impaler hits you from afar with a +2 demon trident of electrocution!!
You die...

.~≈≈≈≈≈≈≈≈~~~~........
~≈≈≈≈≈≈≈≈≈~~~~........
~≈≈≈≈~~~~~~~.~........
~~≈~~~~~~~~.[.~.......
~~~~.~~~~...........
#####~..~~~...........
##..~##...~~~.~........
#...m~#...~~~~~~~.[....
#..)m)@...~~~~~~~~....~
#..~~)#~~~~~~~~~~~~~~~~
##~~~##m~~~~~.~~~~~~~~~
#####≈≈≈~~~~~~~~~~##+#
~~~≈~~~~~~~~~~##
~~~~~~~~~~~~≈≈~#
~~~~..~~...~≈≈≈≈#
~~~.~.~~##.~≈≈≈≈# ~ ≈≈≈


You could see a merfolk impaler, a merfolk javelineer and a merfolk.

Vanquished Creatures
  A kraken (Shoals:1)
  Gastronok (Lair:1)
  Aizul (Shoals:3)
  Louise (Shoals:2)
  An orc warlord (Orc:2)
  An ironbound thunderhulk (D:13)
  A fire dragon (D:12)
  2 merfolk javelineers
  8 merfolk impalers
  7 hydras
  2 ogre magi
  2 vault guards (D:13)
  Erolcha (Orc:1)
  2 merfolk avatars
  2 catoblepae
  10 boulder beetles
  3 alligator snapping turtles
  12 centaur warriors
  8 two-headed ogres
  5 merfolk aquamancers
  A deep troll earth mage (D:15)
  An orc high priest (Orc:2)
  A sun demon (D:10)
  3 thrashing horrors (Lair:5)
  5 skysharks
  Sonja (Lair:3)
  A sixfirhy (D:10)
  A sea snake (shapeshifter) (D:12)
  3 large abominations (Lair:5)
  A swamp dragon (shapeshifter) (Lair:4)
  5 skeletal warriors
  14 sea snakes
  A lindwurm (Lair:4)
  6 orc knights
  A deep elf pyromancer (D:12)
  Pikel (D:7)
  15 harpies
  3 cyclopes
  A cyclops (shapeshifter) (D:13)
  An orc sorcerer (Orc:2)
  A salamander (shapeshifter) (D:13)
  5 fauns (Shoals:1)
  10 manticores
  16 ugly things
  5 black mambas
  8 kobold blastminers
  5 merfolk sirens
  7 elephants
  10 cane toads
  Jeremiah (Lair:1)
  Maggie (D:6)
  5 water nymphs
  A smoke demon (Lair:5)
  5 gargoyles
  4 unseen horrors (D:12)
  A rime drake (Lair:5)
  2 ice devils (D:10)
  2 komodo dragons
  A freezing wraith (D:15)
  6 trolls
  A red devil (D:10)
  22 merfolk
  6 wind drakes
  2 polar bears
  A hellwing (D:10)
  28 blink frogs
  A raiju (Lair:5)
  A hornet (D:9)
  5 snapping turtles
  5 dream sheep (Lair:5)
  A jumping spider (Lair:3)
  9 slime creatures (D:12)
  2 spriggans (Lair:5)
  A culicivora (Lair:3)
  77 yaks
  A shadow (D:9)
  2 water elementals
  7 wraiths
  7 wyverns
  3 ynoxinuls (Lair:5)
  3 steam dragons
  3 chaos spawn
  A human (D:13)
  2 neqoxecs (D:10)
  9 basilisks
  10 vampire mosquitoes
  A basilisk (shapeshifter) (D:12)
  3 wargs (Orc:1)
  9 small abominations (Lair:5)
  6 acid dragons
  16 water moccasins
  14 two-headed ogre zombies (Orc:1)
  2 sky beasts (D:7)
  An ice beast (D:6)
  9 ogres
  6 black bears
  35 orc warriors
  6 wolves
  21 centaurs
  A lemure (D:7)
  3 kobold brigands
  Blork the orc (D:6)
  19 bullfrogs
  3 scorpions
  A gnoll sergeant (D:6)
  11 wights
  10 killer bees (D:9)
  6 electric eels
  2 howler monkeys (D:10)
  4 quasits (D:10)
  7 jellies
  6 orc priests
  4 hounds
  2 iguanas
  A sleepcap (D:4)
  5 orc wizards
  8 mummies (Ossuary)
  7 gnolls
  4 adders
  2 shadow imps (D:8)
  2 white imps (D:6)
  2 ufetubi (D:5)
  2 worms
  4 dart slugs
  61 orcs
  15 endoplasms
  3 giant cockroaches
  3 goblins
  2 hobgoblins
  9 jackals
  17 kobolds
  2 quokkas (D:1)
  4 ball pythons
  4 bats
  6 frilled lizards
  A gnoll zombie (Ossuary)
  2 hobgoblin zombies (Ossuary)
  3 kobold zombies (Ossuary)
  2 orc zombies (Ossuary)
  3 rats
  3 tentacles (Shoals:1)
829 creatures vanquished.

Vanquished Creatures (collateral kills)
  Nikola (Shoals:2)
  Mlioglotl (Shoals:3)
  Polyphemus (Shoals:2)
  A catoblepas (Shoals:2)
  2 death yaks (Shoals:2)
  4 harpies (Shoals:3)
  An orc knight (Orc:2)
  A merfolk siren (Shoals:2)
  A wind drake (Shoals:3)
  5 merfolk
  3 orc warriors (Orc:2)
  3 orcs (Orc:2)
24 creatures vanquished.

Vanquished Creatures (others)
  An orc warrior (Orc:2)
  A yak zombie (Lair:3)
  5 tentacles (Shoals:1)
7 creatures vanquished.

Grand Total: 860 creatures vanquished

Notes
Turn   | Place    | Note
-------+----------+-------------------------------------------
     0 | D:1      | Firecrotchwizard the Tengu Berserker began the quest for
                  | the Orb.
     0 | D:1      | Reached XP level 1. HP: 14/14 MP: 2/2
   149 | D:1      | Reached XP level 2. HP: 19/19 MP: 3/3
   155 | D:1      | You fall into a shaft and drop 1 floor!
   549 | D:1      | Reached skill level 4 in Long Blades
   549 | D:1      | Reached XP level 3. HP: 23/23 MP: 4/4
  1216 | D:3      | Reached ** piety under Trog
  1218 | D:3      | Found an iron altar of Okawaru.
  1372 | D:3      | Reached XP level 4. HP: 28/28 MP: 5/5
  1961 | D:4      | Found a sparkling altar of Nemelex Xobeh.
  2080 | D:4      | Noticed a scorpion
  2087 | D:4      | Killed a scorpion
  2088 | D:4      | Reached skill level 5 in Long Blades
  2088 | D:4      | Reached XP level 5. HP: 33/33 MP: 6/6
  2108 | D:4      | Noticed an ogre
  2116 | D:4      | Killed an ogre
  2117 | D:4      | Reached XP level 6. HP: 38/38 MP: 7/7
  2511 | D:4      | Found a sacrificial altar of Ru.
  2826 | D:5      | Entered Level 5 of the Dungeon
  2826 | D:5      | Noticed a black bear
  2832 | D:5      | Killed a black bear
  2833 | D:5      | Reached skill level 6 in Long Blades
  2874 | D:5      | Gained mutation: Your magical flight helps you evade
                  | attacks. (EV +4) [Tengu growth]
  2874 | D:5      | Reached XP level 7. HP: 44/44 MP: 8/8
  2981 | D:5      | Reached skill level 7 in Long Blades
  3121 | D:5      | Reached skill level 5 in Fighting
  3269 | D:5      | Reached skill level 5 in Dodging
  3396 | D:5      | Found a sand-covered staircase.
  3401 | Ossuary  | Entered an ossuary
  3449 | Ossuary  | Reached XP level 8. HP: 49/49 MP: 9/9
  3452 | Ossuary  | Reached *** piety under Trog
  3702 | D:5      | Found a staircase to the Ecumenical Temple.
  3720 | D:5      | Found a burning altar of Makhleb.
  3778 | D:6      | Reached skill level 8 in Long Blades
  3980 | D:6      | Noticed Blork the orc
  3986 | D:6      | Killed Blork the orc
  4141 | D:6      | Found a stormy altar of Qazlal.
  4255 | D:6      | Reached skill level 9 in Long Blades
  4407 | D:6      | Reached XP level 9. HP: 55/55 MP: 10/10
  4607 | D:6      | Noticed Maggie
  4616 | D:6      | Killed Maggie
  4749 | D:6      | Reached skill level 10 in Long Blades
  5056 | D:6      | Found a hide-covered altar of Uskayaw.
  5278 | D:7      | Found a runed translucent gate.
  5278 | D:7      | Found a runed translucent gate.
  5278 | D:7      | Found a runed translucent gate.
  5282 | D:7      | Noticed IdlyInterested's ghost (novice DsGl)
  5401 | D:7      | Noticed Pikel
  5429 | D:7      | Killed Pikel
  5608 | D:7      | Reached **** piety under Trog
  5641 | D:7      | Reached skill level 11 in Long Blades
  5680 | D:7      | Found a runed translucent door.
  5681 | D:7      | Noticed Crazy Yiuf
  6147 | D:7      | Found a white marble altar of Elyvilon.
  6147 | D:7      | Found a glowing golden altar of the Shining One.
  6147 | D:7      | Found a glowing silver altar of Zin.
  6372 | D:8      | Reached XP level 10. HP: 60/63 MP: 11/11
  6632 | D:8      | Found a radiant altar of Vehumet.
  7385 | D:9      | Reached skill level 12 in Long Blades
  7387 | D:9      | Paralysed by a hornet for 3 turns
  7391 | D:9      | HP: 1/64 [hornet (7)]
  7629 | D:9      | Noticed a two-headed ogre
  7645 | D:9      | Killed a two-headed ogre
  7737 | D:9      | Found a shimmering blue altar of Sif Muna.
  7779 | D:9      | Reached skill level 13 in Long Blades
  7779 | D:9      | Reached XP level 11. HP: 55/69 MP: 12/12
  7786 | D:9      | Reached ***** piety under Trog
  7901 | D:9      | Found a shimmering altar of Xom.
  8249 | D:10     | Entered Level 10 of the Dungeon
  8361 | D:10     | Found a transporter.
  8362 | D:10     | Noticed a brown very ugly thing
  8363 | D:10     | Noticed a cyan ugly thing
  8364 | D:10     | Found a transporter.
  8364 | D:10     | Found a corrupted altar of Lugonu.
  8364 | D:10     | Noticed a large abomination
  8415 | D:10     | Gained mutation: Your magical capacity is low. (-10% MP) [a
                  | neqoxec]
  8434 | D:10     | Noticed a sixfirhy
  8443 | D:10     | Killed a sixfirhy
  8477 | D:10     | Found a staircase to the Orcish Mines.
  8487 | D:10     | Noticed a sun demon
  8858 | D:10     | Killed a sun demon
  8859 | D:10     | Reached skill level 10 in Dodging
  9075 | D:10     | Reached skill level 14 in Long Blades
  9443 | D:10     | Noticed a green ugly thing
  9443 | D:10     | Noticed a quicksilver ooze
  9443 | D:10     | Noticed a mana viper
  9445 | D:10     | Noticed a minotaur
  9625 | D:10     | Identified the +2 spear of Yplais {protect, SInv}
  9759 | D:11     | Noticed a two-headed ogre
  9772 | D:11     | Killed a two-headed ogre
 10244 | D:11     | Reached skill level 10 in Fighting
 10429 | D:11     | Reached XP level 12. HP: 72/77 MP: 11/11
 10516 | D:11     | Reached skill level 15 in Long Blades
 10519 | D:11     | Found a staircase to the Lair.
 10722 | D:11     | Noticed a centaur warrior
 10733 | D:11     | Killed a centaur warrior
 10867 | Lair:1   | Entered Level 1 of the Lair of Beasts
 11045 | Lair:1   | Reached skill level 5 in Armour
 11083 | Lair:1   | Noticed Gastronok
 11083 | Lair:1   | Noticed Jeremiah
 11103 | Lair:1   | Killed Jeremiah
 11138 | Lair:1   | Killed Gastronok
 11230 | Lair:1   | Identified the +0 triple sword of Evyt {heavy, rPois rC+
                  | rCorr Dex-2} (Trog gifted it to you on level 1 of the Lair
                  | of Beasts)
 11230 | Lair:1   | Received a gift from Trog
 11526 | Lair:1   | Reached skill level 16 in Long Blades
 11825 | Lair:2   | Found a staircase to the Shoals.
 12164 | Lair:2   | Reached XP level 13. HP: 84/84 MP: 12/12
 12671 | Lair:3   | Reached skill level 17 in Long Blades
 13225 | Lair:3   | Noticed Sonja
 13233 | Lair:3   | Killed Sonja
 13280 | Lair:3   | Found a shadowy altar of Dithmenos.
 13626 | Lair:3   | Found a hole to the Spider Nest.
 13937 | Lair:4   | Found a viscous altar of Jiyva.
 13937 | Lair:4   | Found a staircase to the Slime Pits.
 14258 | Lair:4   | HP: 4/86 [poison (poison gas)]
 14362 | Lair:4   | Identified the +6 long sword of an ossuary {heavy, Int+3}
 14478 | Lair:4   | Reached skill level 18 in Long Blades
 14721 | Lair:4   | Reached XP level 14. HP: 92/92 MP: 13/13
 15022 | Lair:4   | Reached skill level 1 in Evocations
 15244 | Lair:5   | Entered Level 5 of the Lair of Beasts
 15429 | Lair:5   | Received a gift from Trog
 15465 | Lair:5   | Upgraded the game from 0.31-a0-1074-g0b22e4e0f1 to
                  | 0.31-a0-1163-gcee99d1eea
 15992 | Lair:5   | Reached skill level 19 in Long Blades
 16669 | Lair:5   | Found a corrupted altar of Lugonu.
 16669 | Lair:5   | Found a one-way gate to the infinite horrors of the Abyss.
 16687 | Lair:5   | Identified the +0 robe of Nocvifem {rElec}
 16954 | Orc:1    | Entered Level 1 of the Orcish Mines
 16962 | Orc:1    | Reached ****** piety under Trog
 16963 | Orc:1    | Received a gift from Trog
 16975 | Orc:1    | Reached skill level 5 in Evocations
 17262 | Orc:1    | Found Fesed's Weapon Shop.
 17475 | Orc:1    | Reached XP level 15. HP: 73/99 MP: 14/14
 17515 | Orc:1    | Noticed Erolcha
 17529 | Orc:1    | Killed Erolcha
 17530 | Orc:1    | Reached skill level 20 in Long Blades
 17649 | Orc:2    | Entered Level 2 of the Orcish Mines
 17649 | Orc:2    | Found a staircase to the Elven Halls.
 17660 | Orc:2    | Received a gift from Trog
 17842 | Orc:2    | Found Xaim's Distillery.
 17842 | Orc:2    | Found Ocureimo's Weapon Emporium.
 17844 | Orc:2    | Found Tos Qobu's Armour Shoppe.
 17869 | Orc:2    | Found Esmyisef's Antique Armour Boutique.
 17873 | Orc:2    | Bought a potion of haste for 160 gold pieces
 17873 | Orc:2    | Bought a potion of heal wounds for 80 gold pieces
 17873 | Orc:2    | Bought 2 potions of curing for 96 gold pieces
 17873 | Orc:2    | Bought a potion of curing for 48 gold pieces
 17873 | Orc:2    | Bought a potion of curing for 48 gold pieces
 17881 | Orc:2    | Bought a transparent scale mail for 261 gold pieces
 17881 | Orc:2    | Identified the +1 scale mail of Incorporation {-Tele rF+
                  | Int+7 Dex+3} (You bought it in a shop on level 2 of the
                  | Orcish Mines)
 18545 | Orc:2    | Noticed an orc warlord
 19229 | Orc:2    | Killed an orc warlord
 19666 | D:12     | Received a gift from Trog
 20384 | D:12     | Reached skill level 21 in Long Blades
 20824 | D:12     | Found the +3 Elemental Staff {ele, rElec rF+ rC+ AC+3}
 21076 | D:13     | Identified a scroll of acquirement
 21076 | D:13     | Acquired the +2 hat of Senik {rF++ Str+2}
 21334 | D:13     | Reached XP level 16. HP: 47/107 MP: 15/15
 21619 | D:13     | Found a blossoming altar of Fedhas.
 21820 | D:13     | Found a gate to the Vaults.
 22113 | D:14     | Found a stormy altar of Qazlal.
 22242 | D:14     | Received a gift from Trog
 22616 | D:15     | Entered Level 15 of the Dungeon
 22670 | D:15     | Found an opulent altar of Gozag.
 22777 | D:15     | Found a runed translucent door.
 22794 | D:15     | Found a staircase to the Depths.
 22871 | D:15     | Reached skill level 22 in Long Blades
 22962 | D:15     | Reached skill level 15 in Fighting
 23388 | D:15     | Noticed xnavy's ghost (journeyman DEAE)
 23520 | Shoals:1 | Entered Level 1 of the Shoals
 23885 | Shoals:1 | Received a gift from Trog
 23934 | Shoals:1 | Noticed a kraken
 24045 | Shoals:1 | Killed a kraken
 24398 | Shoals:2 | Noticed Louise
 24405 | Shoals:2 | Killed Louise
 24554 | Shoals:2 | Reached XP level 17. HP: 113/113 MP: 16/16
 24591 | Shoals:2 | Noticed Polyphemus
 24606 | Shoals:2 | Killed Polyphemus
 24690 | Shoals:2 | Reached skill level 23 in Long Blades
 24759 | Shoals:2 | Found a runed translucent door.
 24761 | Shoals:2 | Found a shimmering altar of Xom.
 24761 | Shoals:2 | Noticed Hiprater's ghost (adept MiBe)
 24776 | Shoals:2 | Noticed Nikola
 24780 | Shoals:2 | Killed Nikola
 25398 | Shoals:3 | Identified the serpent talisman "Lesugg" {Dex+2}
 25398 | Shoals:3 | Noticed Aizul
 25409 | Shoals:3 | Killed Aizul
 25580 | Shoals:3 | Noticed Mlioglotl
 25594 | Shoals:3 | Killed Mlioglotl
 25624 | Shoals:3 | HP: 5/115 [snapping turtle (26)]
 25772 | Shoals:3 | Reached skill level 10 in Armour
 26227 | Shoals:4 | Entered Level 4 of the Shoals
 26243 | Shoals:4 | Received a gift from Trog
 26686 | Shoals:4 | Slain by a merfolk impaler

Illustrated notes

Levels and vault maps discovered:
D:1:      sevenhm_arrival_forest_fort_small_4, layout_loops_ring,
          serial_bayou_crossing
D:2:      layout_loops_ring, st_stairs_5
D:3:      layout_basic, kennysheep_okawaru_gauntlet
D:4:      layout_rooms, nemelex_dance_club_becter, mainiacjoe_overflow_alcove_4
D:5:      layout_rooms, nicolae_overflow_hidden_temple,
          minmay_temple_entry_wispy, enter_ossuary_2
D:6:      layout_cave_pods, mainiacjoe_overflow_chevrons,
          nicolae_uskayaw_dance_studio, kennysheep_generic_room_3,
          uniq_blork_the_orc, uniq_maggie
D:7:      layout_cave_pods, good_gods_mini_temple, ebering_ghost_rock_garden,
          uniq_pikel, uniq_crazy_yiuf_cottage
D:8:      layout_cave_pods, nicolae_vehumet_altar_sigil
D:9:      layout_loops_ring, brannock_xom_greatest_gift, lemuel_tele_altar
D:10:     gammafunk_corrupted_shrine, layout_rooms, orc_0_dummy, serial_demonic,
          serial_demonic_f, serial_demonic_g, serial_demonic_e,
          serial_demonic_f, serial_demonic_g, minivault_4
D:11:     layout_basic, grunt_lair_entry_orc_guard_hut
D:12:     minmay_the_grid_octo_tiled_octocenter_mashed
          [minmay_the_grid_octo_concentric, minmay_the_grid_octo_clover,
          minmay_the_grid_octo_focus, minmay_the_grid_octo_toaster,
          minmay_the_grid_octo_prize_single_spiral,
          minmay_the_grid_square_5x5_spiral_small,
          minmay_the_grid_square_5x5_percent,
          minmay_the_grid_square_5x5_three_walls,
          minmay_the_grid_square_5x5_three], layout_gridville,
          minmay_misc_feat_rugged, dreamdust_princess_bridge
D:13:     layout_irregular_city, hellmonk_vaults_keyhole, kennysheep_crisscross,
          fedhas_altar_3
D:14:     layout_loops_ring, nicolae_qazlal_style_of_elements
D:15:     hellmonk_depths_entry_around_the_bend, layout_cave_pools,
          grunt_gozag_statues, serial_column_ruins, column_ruins_open_tiny,
          column_ruins_open_tiny, column_ruins_open_tiny,
          column_ruins_columns_straight, column_ruins_grid_4,
          ebering_ghost_reflecting_pool, hive_lemuel
Lair:1:   layout_loops_ring, uniq_jeremiah, uniq_gastronok
Lair:2:   layout_roguey, nicolae_shoals_entry_roost, lemuel_another_geyser
Lair:3:   layout_loops_ring, spider_nest_entry_funnel_web, basic_altar,
          lemuel_fruit_tree, uniq_sonja
Lair:4:   layout_regular_city, nicolae_slime_entry_slimehenge,
          beast_lair_carwin_6
Lair:5:   hellmonk_lair_end_abyssal_woods, layout_regular_city,
          grunt_forest_large_clearings
Shoals:1: layout_shoals
Shoals:2: layout_shoals, ebering_ghost_xom, uniq_louise, uniq_nikola,
          uniq_polyphemus
Shoals:3: cheibrodos_shoals_three_sisters, layout_shoals, uniq_aizul,
          uniq_mlioglotl
Shoals:4: shoals_end_simple, layout_shoals, uniq_mara
Orc:1:    lemuel_ogre_cave, layout_caves, serial_shops, nicolae_shop_statue_plus
Orc:2:    st_orc_rangers, layout_diamond_mine, lightli_church_of_beogh

Skill      XL: |  1  2  3  4  5  6  7  8  9 10 11 12 13 14 15 16 17 |
---------------+----------------------------------------------------+-----
Long Blades    | 4 5 6 7 9 11 13 14 16 18 19 21 22 23 | 23.1
Dodging        | 3 4 5 6 7 9 10 11 13 14 | 14.7
Fighting       | 4 5 6 7 8 10 11 12 13 14 15 16 | 16.6
Armour         | 3 6 9 10 | 10.8
Evocations     | 5 |  5.6

Action                     |  1- 3 |  4- 6 |  7- 9 | 10-12 | 13-15 | 16-18 || total
---------------------------+-------+-------+-------+-------+-------+-------++-------
  Melee: Falchion          |    71 |    81 |   274 |   174 |       |       ||   600
         Kick              |    21 |    29 |    93 |   162 |   349 |   191 ||   845
         Peck              |    11 |    17 |    51 |   106 |   219 |   116 ||   520
         Punch             |     1 |       |     2 |    13 |     1 |       ||    17
         Long sword        |       |       |       |   204 |       |       ||   204
         Great sword       |       |       |       |   112 |   724 |       ||   836
         Short sword       |       |       |       |       |    32 |       ||    32
         Triple sword      |       |       |       |       |   189 |   495 ||   684
  Throw: Dart              |       |     2 |       |       |       |       ||     2
 Invoke: Berserk           |       |     2 |     4 |     4 |     9 |     2 ||    21
         Trog's Hand       |       |       |       |     1 |     5 |     3 ||     9
         Brothers in Arms  |       |       |       |       |     2 |     6 ||     8
  Evoke: Wand              |       |       |       |     4 |     7 |       ||    11
         Phial of floods   |       |       |       |       |     1 |       ||     1
         Tin of tremorston |       |       |       |       |       |     2 ||     2
    Use: Scroll            |       |       |    16 |     7 |    11 |     6 ||    40
         Potion            |       |       |       |     3 |     1 |     5 ||     9
   Stab: Sleeping          |     1 |       |     1 |     1 |     3 |     2 ||     8
         Distracted        |       |       |       |     1 |     3 |     2 ||     6
         Paralysed         |       |       |       |       |     2 |       ||     2
         Petrified         |       |       |       |       |       |     1 ||     1
 Armour: Animal skin       |    14 |       |       |       |       |       ||    14
         Ring mail         |     7 |    39 |    43 |       |       |       ||    89
         Steam dragon scal |       |       |    32 |    70 |       |       ||   102
         Acid dragon scale |       |       |       |    55 |   319 |   249 ||   623
  Dodge: Dodged            |    51 |    42 |   251 |   485 |  1386 |  1033 ||  3248

Table legend: (Time is in decaauts)
 A = Elapsed time spent in this place.
 B = Non-inter-level travel time spent in this place.
 C = Inter-level travel time spent in this place.
 D = Time resting spent in this place.
 E = Time spent auto-exploring this place.
 F = Levels seen in this place.
 G = Mean time per level.
                   A        B        C        D        E       F      G
               +--------+--------+--------+--------+--------+-----+--------+
         Total |  26506 |  25234 |   1272 |   5317 |  15169 |  27 |  981.7 |
       Dungeon |  14615 |  14008 |    607 |   2751 |   8939 |  15 |  974.3 |
          Lair |   6059 |   5542 |    517 |   1161 |   3195 |   5 | 1211.8 |
        Shoals |   3073 |   3020 |     53 |    452 |   1898 |   4 |  768.2 |
  Orcish Mines |   2488 |   2394 |     94 |    894 |   1026 |   2 | 1244.0 |
       Ossuary |    269 |    269 |      0 |     56 |    110 |   1 |  269.0 |
               +--------+--------+--------+--------+--------+-----+--------+

Top non-repeatable levels by time:
   Orc:2: 1841 daAuts
    D:10: 1682 daAuts
     D:6: 1477 daAuts
  Lair:3: 1473 daAuts
  Lair:5: 1419 daAuts
    D:12: 1379 daAuts
  Lair:4: 1319 daAuts
    D:11: 1249 daAuts
     D:7: 1094 daAuts
     D:4: 1033 daAuts
  Lair:1: 999 daAuts
     D:8: 979 daAuts
Shoals:3: 902 daAuts
    D:13: 896 daAuts
Shoals:2: 888 daAuts
